 Dungeon Crawl Stone Soup version 0.26.0-3-g156281e41b (webtiles) character file.

Game seed: 9015988676591689818

16 oldmanjim the Gusty (level 2, -2/21 HPs)
             Began as a Barachi Air Elementalist on Jan 9, 2021.
             Slain by a gnoll
             ... wielding a +0 halberd
              (8 damage)
             ... on level 1 of the Dungeon.
             The game lasted 00:09:11 (657 turns).

oldmanjim the Gusty (Barachi Air Elementalist)       Turns: 657, Time: 00:09:12

Health: -2/21      AC:  3    Str:  9    XL:     2   Next: 58%
Magic:  2/5        EV: 12    Int: 15    God:
Gold:   14         SH:  0    Dex: 12    Spells: 4/5 levels left

rFire    . . .     SeeInvis .   a - +0 short sword
rCold    . . .     Faith    .   (no shield)
rNeg     . . .     Spirit   .   d - +0 robe
rPois    .         Reflect  .   (no helmet)
rElec    .         Harm     .   (no cloak)
rCorr    .         Rampage  .   (no gloves)
Will     .....                  c - +0 pair of boots
Stlth    ++........             (no amulet)
HPRegen  0.07/turn              (no ring)
MPRegen  0.09/turn              (no ring)

@: slow
A: +LOS, swims, slowness 1, strong legs 1
a: Hop


You were on level 1 of the Dungeon.
You visited 1 branch of the dungeon, and saw 1 of its levels.

You collected 14 gold pieces.

Inventory:

Hand Weapons
 a - a +0 short sword (weapon)
Missiles
 b - 55 stones
 f - 43 sling bullets
Armour
 c - a +0 pair of boots (worn)
 d - a +0 robe (worn)
 e - a +0 leather armour
 i - a +0 scale mail
Scrolls
 h - 2 scrolls of identify {unknown}
 j - 4 scrolls of immolation {unknown}
Potions
 g - a potion of lignification {unknown}
 k - 2 potions of might {unknown}


   Skills:
 + Level 1.0 Fighting
 - Level 2.1 Dodging
 - Level 1.7 Stealth
 + Level 2.4 Spellcasting
 * Level 1.9 Conjurations
 + Level 3.5 Air Magic


You had 4 spell levels left.
You knew the following spells:

 Your Spells              Type           Power        Failure   Level
a - Shock                 Conj/Air       40%          7%          1

Your spell library contained the following spells:

 Spells                   Type           Power        Failure   Level
 Swiftness                Air            12%          8%          2
 Static Discharge         Conj/Air       10%          21%         3
 Airstrike                Air            6%           45%         4
 Lightning Bolt           Conj/Air       5%           88%         5


Dungeon Overview and Level Annotations

Branches:
Dungeon (1/15)

Altars:


Innate Abilities, Weirdness & Mutations

You can be seen from farther away. (+LOS)
You can swim through water.
You cover ground slowly.
You can hop short distances.


Message History

Aiming: Shock (safe; 7% risk of failure)
Press: ? - help, Q - select action, (/) - cycle Shift-Dir - straight line, f/p - gnoll
Aim: a gnoll, wielding a +0 halberd (heavily wounded, 28% to evade)
The zap hits the goblin.
You kill the goblin!
The zap hits the gnoll.
The gnoll is severely wounded.
Your Fighting skill increases to level 1!
A leopard gecko comes into view.
The leopard gecko hisses angrily.
The gnoll closely misses you.
Aiming: Shock (safe; 7% risk of failure)
Press: ? - help, Q - select action, (/) - cycle Shift-Dir - straight line, f - leopard gecko, p - gnoll
Aim: a leopard gecko (48% to evade)
The zap hits the gnoll.
The gnoll is almost dead.
The zap misses the leopard gecko.
The gnoll closely misses you.
The gnoll hits you from afar with a +0 halberd!
You die...

### ######## ..#
#......##### #.#
#.###......# #.#
#..........# #.####
#..........# .....#
##...#......######
.....#####................#
.....##.....###.#.....###.
#.#####.#.....g.@†...##
..####........l......#
....###......##.#..#.#
....#................#
.##.#.#..##.....##.###
......#..##.........#
.#..........(...##..##
###.#.#..##.##.......# #
#.#........#.†.#...#


You could see a gnoll and a leopard gecko.

Vanquished Creatures
  2 leopard geckos (D:1)
  A bat (D:1)
  A giant cockroach (D:1)
  3 goblins (D:1)
  2 hobgoblins (D:1)
  A frilled lizard (D:1)
  A kobold (D:1)
  2 rats (D:1)
13 creatures vanquished.

Notes
Turn   | Place    | Note
-------+----------+-------------------------------------------
     0 | D:1      | oldmanjim the Barachi Air Elementalist began the quest for
                  | the Orb.
     0 | D:1      | Reached XP level 1. HP: 13/13 MP: 3/3
   282 | D:1      | Reached XP level 2. HP: 16/20 MP: 1/5
   641 | D:1      | Reached skill level 1 in Fighting
   657 | D:1      | Slain by a gnoll

Illustrated notes

Levels and vault maps discovered:
D:1:      sevenhm_arrival_forest_fort_small_4, layout_basic, minmay_tripent

Skill      XL: |  1  2 |
---------------+-------+-----
Fighting       | 1 |  1.0
Dodging        | |  2.1
Stealth        | |  1.7
Spellcasting   | |  2.4
Conjurations   | |  1.9
Air Magic      | |  3.5

Action                   || total
-------------------------++-------
Melee: Unarmed           ||    25
       Short sword       ||    10
 Cast: Shock             ||    29
Armor: Robe              ||    20
Dodge: Dodged            ||    56
